 Dungeon Crawl Stone Soup version 0.17.1-3-g152610e (webtiles) character file.

4193 MrTails the Severer (level 10, -2/78 HPs)
             Began as a Minotaur Berserker on Feb 17, 2016.
             Was a High Priest of Trog.
             Slain by an orc warrior
             ... wielding a +0 short sword
              (11 damage)
             ... on level 9 of the Dungeon.
             The game lasted 00:17:57 (6843 turns).

MrTails the Severer (Minotaur Berserker)            Turns: 6843, Time: 00:17:57

Health: -2/78      AC:  6    Str: 25    XL:     10   Next: 8%
Magic:  9/9        EV: 11    Int:  4    God:    Trog [*****.]
Gold:   418        SH:  0    Dex: 10    Spells: 0 memorised, 9 levels left

rFire  . . .     SeeInvis .     h - +11 hand axe "Mochuered" {freeze, rN+}
rCold  . . .     Clarity  .     c - +0 ring mail
rNeg   + . .     SustAt   .     (no shield)
rPois  .         Gourm    .     (helmet restricted)
rElec  .         Spirit   .     q - +0 cloak
rCorr  .         Warding  .     (no gloves)
rMut   .         Stasis   .     (no boots)
MR     ++...                    (no amulet)
Stlth  ..........               (no ring)
                                (no ring)

@: exhausted, very slightly contaminated, regenerating, slowed, very slow, very
resistant to hostile enchantments, extremely unstealthy
A: retaliatory headbutt, horns 2
a: Berserk, Trog's Hand, Brothers in Arms, Burn Spellbooks, Renounce Religion


You were on level 9 of the Dungeon.
You worshipped Trog.
Trog was extremely pleased with you.
You were very hungry.

You visited 1 branch of the dungeon, and saw 9 of its levels.

You collected 418 gold pieces.

Inventory:

Hand Weapons
 a - a +0 hand axe
 h - the +11 hand axe "Mochuered" (weapon) {freeze, rN+}
   (You found it on level 5 of the Dungeon)

   It has been specially enchanted to freeze those struck by it, causing extra
   injury to most foes and up to half again as much damage against particularly
   susceptible opponents.
   It can also slow down cold-blooded creatures.
   It protects you from negative energy.
 o - a +0 war axe
Armour
 b - a +1 animal skin
 c - a +0 ring mail (worn)
 q - a +0 cloak (worn)
 t - a +0 scale mail
Jewellery
 g - an uncursed amulet of guardian spirit {unknown}
 u - the ring of Vucar {*Corrode *Drain rF+ rC+++ SInv, unknown}
   (You found it on level 6 of the Dungeon)

   [ring of see invisible]

   It protects you from fire.
   It renders you almost immune to cold.
   It lets you see invisible.
   It may corrode your equipment when you take damage.
   It causes draining when unequipped.
 B - a +2 ring of strength {unknown}
Wands
 s - a wand of teleportation (4)
Scrolls
 d - a scroll of fear {unknown}
 f - 9 scrolls of identify
 j - 2 scrolls of magic mapping
 p - a scroll of teleportation {unknown}
 r - a scroll of blinking
 w - a scroll of noise {unknown}
 x - 2 scrolls of remove curse
 y - 2 scrolls of enchant armour
 z - a scroll of vulnerability {unknown}
Potions
 e - a potion of curing
 i - 2 potions of agility {unknown}
 k - 2 potions of degeneration {unknown}
 m - a potion of heal wounds {unknown}
 n - a potion of poison {unknown}
 v - a potion of berserk rage {unknown}
Comestibles
 l - 4 bread rations
 A - a beef jerky
 C - a chunk of flesh


   Skills:
 - Level 3.9 Fighting
 * Level 16.5 Axes
 - Level 2.4 Armour
 - Level 2.1 Dodging


You had 9 spell levels left.
You didn't know any spells.

Dungeon Overview and Level Annotations

Branches:
Dungeon (9/15)             Temple (0/1) D:4             Orc (0/4) D:9
   Lair: D:8-11

Altars:
Dithmenos
Elyvilon
Gozag
Trog
Vehumet
Beogh

Portals:
Ossuary: D:8


Innate Abilities, Weirdness & Mutations

You reflexively headbutt those who attack you in melee.
You have a pair of horns on your head.


Message History

Trog accepts your kill.
You barely miss the orc warrior.
The orc warrior is heavily wounded.
You closely miss the orc warrior.
The orc warrior is heavily wounded.
You slash the hound! You freeze the hound.
The hound is severely wounded.
The hound bites you but does no damage.
The orc warrior hits you with a short sword!
* * * LOW HITPOINT WARNING * * *
The hound barely misses you.
Blink to where?
Press: ? - help, Dir - move target cursor You are very lightly contaminated with residual magic.
As you read the scroll labeled XUL POR PILAAG, it crumbles to dust.
It was a scroll of blinking.
The orc warrior complains repeatedly, as Orcs often do.
The hound bites you but does no damage.
The orc warrior hits you with a short sword!
You die...

####### ...........
#..........
#..........
##.#########..........
#..........)..........
#######ooo.).#........
#..).)@h.o...)........
##.####.....).[.......
#.# #.....##8'8#####
#.# #...###.....o8.
#.# #...# #......o..
#.# ##### #...⌠.._..
#.# #......... #.#
#......>.. #.#
##########


You could see 2 orc warriors, a hound and 2 orcs.

Vanquished Creatures
  Prince Ribbit (D:6)
  Sigmund (D:2)
  Eustachio (D:4)
  A hippogriff (D:8)
  A water moccasin (D:6)
  7 orc warriors
  2 ice beasts (D:6)
  4 ogres
  3 phantoms
  A centaur (D:8)
  A big kobold (D:9)
  A gnoll sergeant (D:9)
  3 giant frogs
  4 scorpions
  7 wights
  4 crimson imps
  4 orc priests
  A gnoll shaman (D:7)
  Crazy Yiuf (D:4)
  A centaur zombie (D:8)
  3 centaur skeletons
  5 orc wizards
  A hound (D:8)
  An iguana (D:4)
  7 worker ants
  2 hound skeletons
  A worker ant zombie (D:3)
  Robin (D:2)
  9 adders
  13 gnolls
  A shadow imp (D:5)
  2 oozes
  An adder zombie (D:8)
  An adder skeleton (D:8)
  2 worms
  19 orcs
  2 ball pythons (D:1)
  8 bats
  7 hobgoblins
  5 jackals
  8 kobolds
  2 quokkas
  4 giant cockroaches
  3 giant geckos
  6 giant newts
  15 goblins
  A jackal skeleton (D:5)
  A jackal zombie (D:6)
  9 rats
189 creatures vanquished.

Notes
Turn   | Place    | Note
--------------------------------------------------------------
     0 | D:1      | MrTails the Minotaur Berserker began the quest for the Orb.
     0 | D:1      | Reached XP level 1. HP: 19/19 MP: 0/0
   257 | D:1      | Reached skill level 4 in Axes
   257 | D:1      | Reached XP level 2. HP: 27/27 MP: 1/1
   632 | D:2      | Noticed Robin
   644 | D:2      | Reached ** piety under Trog
   651 | D:2      | Reached XP level 3. HP: 33/33 MP: 2/2
   652 | D:2      | Killed Robin
   652 | D:2      | Reached skill level 5 in Axes
   940 | D:2      | Noticed Sigmund
   953 | D:2      | Killed Sigmund
   953 | D:2      | Reached skill level 7 in Axes
   953 | D:2      | Reached XP level 4. HP: 40/40 MP: 3/3
   953 | D:2      | Reached XP level 5. HP: 46/46 MP: 4/4
  1419 | D:2      | Reached *** piety under Trog
  1764 | D:3      | Reached skill level 8 in Axes
  1764 | D:3      | Reached XP level 6. HP: 46/52 MP: 5/5
  2306 | D:3      | Found a white marble altar of Elyvilon.
  2306 | D:3      | Found a bloodstained altar of Trog.
  2314 | D:3      | Found a shadowy altar of Dithmenos.
  2630 | D:3      | Reached skill level 9 in Axes
  2729 | D:4      | Noticed Eustachio
  2741 | D:4      | Killed Eustachio
  2741 | D:4      | Reached XP level 7. HP: 44/58 MP: 6/6
  2871 | D:4      | Found a staircase to the Ecumenical Temple.
  3020 | D:4      | Reached skill level 10 in Axes
  3281 | D:4      | Reached **** piety under Trog
  3315 | D:4      | Noticed Crazy Yiuf
  3320 | D:4      | Killed Crazy Yiuf
  3489 | D:5      | Entered Level 5 of the Dungeon
  4053 | D:5      | Reached skill level 11 in Axes
  4273 | D:5      | Got a polished hand axe
  4330 | D:5      | Identified the +11 hand axe "Mochuered" {freeze, rN+} (You found it on level 5 of the Dungeon)
  4375 | D:6      | Reached XP level 8. HP: 63/66 MP: 7/7
  4381 | D:6      | Got a glittering amber ring
  4430 | D:6      | Found a radiant altar of Vehumet.
  4456 | D:6      | Reached skill level 12 in Axes
  4708 | D:6      | Noticed Prince Ribbit
  4717 | D:6      | Killed Prince Ribbit
  4717 | D:6      | Reached skill level 13 in Axes
  4856 | D:6      | Reached XP level 9. HP: 46/71 MP: 8/8
  4894 | D:6      | Reached skill level 14 in Axes
  5975 | D:8      | Found an opulent altar of Gozag.
  6142 | D:8      | Found a sand-covered staircase.
  6211 | D:8      | Reached skill level 15 in Axes
  6628 | D:9      | Reached ***** piety under Trog
  6657 | D:9      | Reached skill level 16 in Axes
  6680 | D:9      | Reached XP level 10. HP: 18/78 MP: 9/9
  6821 | D:9      | Found a roughly hewn altar of Beogh.
  6821 | D:9      | Found a staircase to the Orcish Mines.
  6843 | D:9      | Slain by an orc warrior

Action                   |  1- 3 |  4- 6 |  7- 9 | 10-12 || total
-------------------------+-------+-------+-------+-------++-------
Melee: Hand axe          |    72 |    99 |   228 |    19 ||   418
       War axe           |       |       |    39 |       ||    39
Invok: Berserk           |     2 |     2 |     3 |     1 ||     8
       Trog's Hand       |       |       |       |     1 ||     1
  Use: Scroll            |       |     4 |     1 |     1 ||     6
       Potion            |       |     1 |       |       ||     1
  Eat: Chunk             |     1 |     2 |     8 |     2 ||    13
       Bread ration      |       |     1 |       |       ||     1
       Pizza             |       |     1 |       |       ||     1
       Meat ration       |       |       |     1 |       ||     1
       Beef jerky        |       |       |     1 |       ||     1
